 Dungeon Sprint DCSS version 0.22-a0-479-gc6e99f3 (webtiles) character file.

1929 galech the Fighter (level 9, -11/111 HPs)
             Began as an Ogre Berserker on June 14, 2018.
             Was the Champion of Trog.
             Mangled by an orc warrior
             ... wielding a +0 long sword
              (22 damage)
             ... in the Dungeon (Sprint III: "The Ten Rune Challenge").
             The game lasted 00:03:26 (695 turns).

galech the Fighter (Ogre Berserker)                  Turns: 695, Time: 00:03:27

Health: -11/111    AC:  3    Str: 26    XL:     9   Next: 17%
Magic:  9/9        EV: 13    Int:  8    God:    Trog [******]
Gold:   70         SH:  0    Dex:  8    Spells: 8/8 levels left

rFire    . . .     SeeInvis .   t - +2 great mace (crush)
rCold    . . .     Gourm    .   (shield currently unavailable)
rNeg     . . .     Faith    .   b - +0 animal skin
rPois    .         Spirit   .   (helmet restricted)
rElec    .         Reflect  .   (no cloak)
rCorr    .         Harm     .   (gloves unavailable)
MR       ++...     NoTele   +   (boots unavailable)
Stlth    ++........             (no amulet)
HPRegen  1.28/turn              (no ring)
MPRegen  0.11/turn              (no ring)

@: berserk cooldown, regenerating, slowed, very slow
A: large, unfitting armour, tough skin 1
a: Berserk, Trog's Hand, Brothers in Arms, Renounce Religion


You were in the Dungeon.
You worshipped Trog.
Trog was exalted by your worship.
You were very hungry.

You visited 1 branch You collected 70 gold pieces.

Inventory:

Hand Weapons
 a - a +0 mace
 t - a +2 great mace of crushing (weapon)
Armour
 b - a +0 animal skin (worn)
Scrolls
 i - a scroll of blinking
 l - a scroll of immolation {unknown}
 m - 4 scrolls of identify
 o - a scroll of torment {unknown}
 p - a scroll of remove curse {unknown}
Potions
 d - 2 potions of curing
 e - a potion of heal wounds
 f - a potion of haste
 g - 2 potions of magic
 h - 2 potions of berserk rage
 k - 2 potions of mutation {unknown}
 n - 2 potions of flight
 q - a potion of resistance {unknown}
 r - a potion of lignification {unknown}
 s - a potion of might
Miscellaneous
 j - a lamp of fire
Comestibles
 c - 4 rations


   Skills:
 + Level 13.8 Fighting
 + Level 12.2 Maces & Flails
 + Level 9.5 Dodging
 + Level 3.8 Stealth
 + Level 0.7 Evocations


You had 8 spell levels left.
You didn't know any spells.
Your spell library was empty.

Dungeon Overview and Level Annotations

Branches:
Dungeon (1/1)

Altars:
Cheibriados
Dithmenos
Elyvilon
Fedhas
Gozag
Hepliaklqana
Kikubaaqudgha
Makhleb
Nemelex Xobeh
Okawaru
Qazlal
Ru
Sif Muna
Trog
Uskayaw
Vehumet
Wu Jian
Xom
Yredelemnul
Zin
The Shining One
Beogh
Jiyva
Lugonu


Innate Abilities, Weirdness & Mutations

You are too large for most types of armour.
You have tough skin. (AC +1)


Message History

Eat a chunk of flesh? (ye/n/q)
You eat the chunk of flesh.
This raw flesh tastes terrible.
You are feeling very hungry.
The orc knight completely misses you.
You hit the orc knight.
The orc knight is lightly wounded.
The orc knight barely misses you.
The orc warrior hits you with a long sword!
You completely miss the orc knight.
The orc knight is lightly wounded.
The orc knight barely misses you.
The orc warrior hits you with a long sword!
The orc knight roars a battlecry!
The orc warrior goes into a battle-frenzy!
The orc warrior hits you with a long sword!!
* * * LOW HITPOINT WARNING * * *
The orc knight hits you with an enchanted war axe!!
* * * LOW HITPOINT WARNING * * *
The orc warrior hits you with a long sword!!
You die...

▓▓▓ ##.############
####..#___#___#__##_$
#..#..#...#__)#._#$.
#..#..###'#'###)##o$
##'#..#.....)....#$.
###...'.⌠........#.##
###...#...######@#$$
##....#.⌠.#__#.oo#o#### #
#.....#...#__#...#.[..#.#
......#)###__#...##.#..#
#.....#.:.#__#...'##)#.#
##....#___#__'...#)))# .#
▓▓▓▓▓▓▓▓▓▓▓▓▓▓▓▓▓▓▓▓▓ ▓


You could see an orc knight and an orc warrior.

Vanquished Creatures
  A deep elf mage (D)
  An orc sorcerer (D)
  A shadow (D)
  A spatial vortex (D)
  An orc warrior (D)
  A necrophage (D)
  2 two-headed ogres (D)
  A water elemental (D)
  A jelly (D)
  2 orc wizards (D)
  A wizard (D)
  A necromancer (D)
  A kobold demonologist (D)
  3 humans (D)
  A wolf (D)
  An ooze (D)
  3 orcs (D)
  3 rats (D)
26 creatures vanquished.

Vanquished Creatures (others)
  2 draconian scorchers (D)
  6 hellions (D)
  A yaktaur (D)
  A plant (D)
10 creatures vanquished.

Grand Total: 36 creatures vanquished

Notes
Turn   | Place    | Note
-------+----------+-------------------------------------------
     0 | D        | galech the Ogre Berserker began the quest for the Orb.
     0 | D        | Reached XP level 1. HP: 24/24 MP: 1/1
    25 | D        | Reached ** piety under Trog
    39 | D        | Reached XP level 2. HP: 33/33 MP: 2/2
    51 | D        | Reached skill level 5 in Fighting
    58 | D        | Reached skill level 6 in Fighting
    58 | D        | Reached XP level 3. HP: 44/44 MP: 3/3
    62 | D        | Killed a yaktaur
    76 | D        | Killed a hellion
    76 | D        | Killed a hellion
    76 | D        | Killed a hellion
    76 | D        | Killed a hellion
   114 | D        | Noticed a water elemental
   119 | D        | Killed a water elemental
   119 | D        | Reached *** piety under Trog
   119 | D        | Reached skill level 7 in Fighting
   119 | D        | Reached skill level 5 in Maces & Flails
   119 | D        | Reached skill level 5 in Dodging
   119 | D        | Reached skill level 1 in Stealth
   119 | D        | Reached XP level 4. HP: 55/55 MP: 4/4
   126 | D        | Killed a hellion
   176 | D        | Found a radiant altar of Vehumet.
   176 | D        | Found a deep blue altar of Sif Muna.
   176 | D        | Found an ancient bone altar of Kikubaaqudgha.
   176 | D        | Noticed a wizard
   184 | D        | Killed a wizard
   184 | D        | Reached XP level 5. HP: 63/63 MP: 5/5
   189 | D        | Reached **** piety under Trog
   189 | D        | Reached skill level 8 in Fighting
   193 | D        | Killed a white draconian scorcher
   216 | D        | Killed a hellion
   243 | D        | Killed a white draconian scorcher
   261 | D        | Found a glowing silver altar of Zin.
   261 | D        | Found a glowing golden altar of the Shining One.
   261 | D        | Found a white marble altar of Elyvilon.
   262 | D        | Noticed a deep elf mage
   272 | D        | Killed a deep elf mage
   272 | D        | Reached skill level 11 in Fighting
   272 | D        | Reached XP level 6. HP: 62/80 MP: 6/6
   272 | D        | Reached XP level 7. HP: 68/88 MP: 7/7
   339 | D        | Found a hide-covered altar of Uskayaw.
   339 | D        | Found a roughly hewn altar of Beogh.
   339 | D        | Found an iron altar of Okawaru.
   339 | D        | Found a bloodstained altar of Trog.
   339 | D        | Found an ornate altar of the Wu Jian Council.
   339 | D        | Noticed a human
   340 | D        | Noticed a human
   345 | D        | Killed a human
   352 | D        | Killed a human
   352 | D        | Reached skill level 12 in Fighting
   352 | D        | Reached skill level 10 in Maces & Flails
   432 | D        | Found a basalt altar of Yredelemnul.
   432 | D        | Found a shadowy altar of Dithmenos.
   432 | D        | Found a sacrificial altar of Ru.
   439 | D        | Reached ***** piety under Trog
   439 | D        | Reached XP level 8. HP: 100/100 MP: 8/8
   471 | D        | Noticed a shadow
   475 | D        | Killed a shadow
   479 | D        | Received a gift from Trog
   486 | D        | Found a blossoming altar of Fedhas.
   486 | D        | Found a stormy altar of Qazlal.
   486 | D        | Found a snail-covered altar of Cheibriados.
   486 | D        | Found a burning altar of Makhleb.
   486 | D        | Found a shimmering altar of Xom.
   487 | D        | Found a hazy altar of Hepliaklqana.
   487 | D        | Found an opulent altar of Gozag.
   487 | D        | Found a sparkling altar of Nemelex Xobeh.
   487 | D        | Found a corrupted altar of Lugonu.
   487 | D        | Found a viscous altar of Jiyva.
   514 | D        | Received a gift from Trog
   514 | D        | Reached skill level 13 in Fighting
   604 | D        | Found a roughly hewn altar of Beogh.
   622 | D        | Noticed an orc sorcerer
   678 | D        | Killed an orc sorcerer
   678 | D        | Received a gift from Trog
   678 | D        | Reached ****** piety under Trog
   678 | D        | Reached XP level 9. HP: 111/111 MP: 9/9
   683 | D        | Noticed an orc knight
   695 | D        | Mangled by an orc warrior

Vault maps used:
D:        dungeon_sprint_mu

Skill      XL: |  1  2  3  4  5  6  7  8 |
---------------+-------------------------+-----
Maces & Flails | 3 4 5 6 9 10 12 | 12.2
Dodging        | 3 4 5 7 8 9 |  9.5
Fighting       | 6 7 11 12 13 | 13.8
Stealth        | 1 2 3 |  3.8
Evocations     | |  0.7

Action                   |  1- 3 |  4- 6 |  7- 9 || total
-------------------------+-------+-------+-------++-------
Melee: Mace              |    19 |    17 |    40 ||    76
       Great mace        |       |       |    23 ||    23
Invok: Berserk           |     2 |     2 |     4 ||     8
       Trog's Hand       |       |       |     2 ||     2
Evoke: Lamp of fire      |       |       |     1 ||     1
 Stab: Sleeping          |     1 |       |     1 ||     2
  Eat: Chunk             |       |     1 |     6 ||     7
Armor: Animal skin       |     6 |     4 |     4 ||    14
Dodge: Dodged            |    12 |     2 |    23 ||    37

Table legend:
 A = Spawn XP
 B = Non-spawn XP
 C = Spawn XP percentage of total XP
 D = Spawn monster count
 E = Non-spawn monster count
 F = Spawn count percentage of total count
 G = Total turns spent on level
                    A         B        C        D         E        F      G
               +---------+---------+-------+---------+---------+-------+---------
         Total |       0 |    2756 |   0.0 |       0 |      26 |   0.0 |   695
               +---------+---------+-------+---------+---------+-------+---------
             D |       0 |    2756 |   0.0 |       0 |      26 |   0.0 |   695
               +---------+---------+-------+---------+---------+-------+---------
